Map: Blueshift LE

Players

KSdynamic - Winner!

  • Race: Terran Terran
  • League: Diamond
  • Spawn Location: 7:00

Woogie

  • Race: Zerg Zerg
  • League: Diamond
  • Spawn Location: 1:00

VOD

Have the link to the VOD?

Description

Thought I had this Terran contained on his 1 base econ, but he teched up and had Banshees and a big push that I couldn't handle. Needed to stop droning early.

Time

  • Played on: Sept. 19, 2018, 9:38 p.m.
  • Length: 9:08
Show
View Real Time Build Order
Export as new Build Order

KSdynamic Terran - Winner!

Build Orders: Hellion Banshee 

Get SALT Encoding   

  12  0:01  SCV  
  13  0:13  SCV  
  14  0:17  Supply Depot  
  14  0:25  SCV  
  15  0:29  Refinery  
  15  0:39  SCV  
  16  0:45  Barracks  
  16  0:51  SCV  
  17  1:02  Refinery  
  17  1:03  SCV  
  18  1:15  SCV  
  19  1:31  Orbital Command  
  19  1:34  Reaper, Supply Depot  
  20  1:42  Factory  
  20  1:58  SCV  
  21  2:01  Supply Depot  
  21  2:06  Barracks Reactor  
  21  2:10  SCV  
  22  2:22  SCV  
  23  2:30  Starport  
  23  2:34  SCV  
  24  2:45  Marine  
  24  2:46  Marine  
  26  3:03  SCV  
  27  3:12  Starport Tech Lab  
  27  3:15  SCV  
  27  3:16  Barracks Tech Lab  
  27  3:18  Hellion x2  
  32  3:24  Supply Depot  
  32  3:27  SCV  
  32  3:31  Banshee  
  32  3:32  Cloaking Field  
  36  3:40  SCV  
  37  3:42  Hellion  
  37  3:46  Hellion  
  37  3:47  Supply Depot  
  41  4:03  Barracks Reactor, Hellion  
  41  4:05  Factory  
  41  4:07  Hellion  
  41  4:08  SCV  
  46  4:14  Banshee  
  49  4:24  Hellion  
  49  4:28  SCV  
  49  4:29  Cyclone  
  55  4:33  Supply Depot  
  55  4:36  Supply Depot  
  55  4:54  Cyclone  
  38  5:37  Siege Tank  
  38  5:38  Hellion x2  
  45  5:49  Banshee  
  48  5:56  Marine  
  48  5:57  Marine  
  49  5:58  SCV  
  51  6:14  Factory Tech Lab, Hellion x2  
  55  6:19  Command Center  
  55  6:26  Command Center  
  55  6:35  Banshee  
  55  6:37  Hellion  
  60  6:43  Marine x2  
  62  6:57  SCV  
  62  7:00  Siege Tank  
  70  7:01  Hellion x2  
  70  7:09  Armory, Marine  
  71  7:17  Supply Depot  
  71  7:31  SCV  
  71  7:35  Marine x2  
  71  7:36  Siege Tank  
  71  7:37  Hellion  
  79  7:41  Orbital Command  
  79  7:46  Banshee  
  82  8:08  Siege Tank  
  83  8:44  Marine  
  83  8:45  Marine  
Show
View Real Time Build Order
Export as new Build Order

Woogie Zerg 

Build Orders: Hatch First 

Get SALT Encoding   

  12  0:01  Drone  
  13  0:13  Overlord  
  13  0:17  Drone  
  14  0:31  Drone x2  
  16  0:36  Drone  
  17  0:50  Drone  
  17  0:55  Hatchery  
  17  1:08  Spawning Pool  
  16  1:11  Extractor  
  16  1:13  Drone  
  16  1:16  Drone  
  17  1:31  Drone  
  17  1:32  Drone  
  19  1:49  Overlord  
  19  1:50  Drone  
  20  1:56  Queen  
  22  2:07  Zergling x2  
  23  2:12  Queen  
  23  2:13  Zergling x2  
  27  2:15  Drone  
  27  2:22  Metabolic Boost  
  26  3:01  Queen  
  26  3:02  Overlord, Queen  
  30  3:11  Evolution Chamber, Drone x5  
  30  3:12  Evolution Chamber, Drone x2  
  35  3:16  Extractor  
  35  3:19  Extractor  
  33  3:46  Hatchery  
  32  3:50  Zerg Ground Armor Level 1  
  32  3:52  Drone x2  
  32  3:53  Drone  
  32  3:54  Drone x3  
  38  4:01  Overlord  
  38  4:08  Drone x3  
  41  4:21  Overlord x2  
  41  4:30  Zerg Melee Weapons Level 1  
  41  4:35  Baneling Nest  
  41  4:36  Zergling x6  
  41  4:37  Zergling x6  
  46  4:46  Spore Crawler  
  38  5:08  Drone  
  38  5:09  Drone x9  
  37  5:39  Drone x6  
  37  5:40  Drone x2  
  42  5:49  Lair  
  40  5:54  Spore Crawler  
  37  6:04  Drone x4  
  38  6:05  Drone  
  41  6:24  Drone x5  
  41  6:25  Drone  
  47  6:37  Zerg Missile Weapons Level 1  
  47  6:39  Drone  
  48  6:40  Drone x2  
  48  6:46  Drone x3  
  48  6:47  Drone x2  
  54  6:53  Pneumatized Carapace  
  55  6:56  Extractor  
  55  6:58  Hydralisk Den  
  53  7:13  Drone x2  
  53  7:14  Drone x4  
  59  7:16  Zergling x2  
  59  7:17  Zergling x2  
  61  7:23  Queen  
  61  7:27  Overseer  
  63  7:41  Hydralisk x5  
  63  7:44  Overlord x2  
  73  7:51  Grooved Spines  
  61  8:14  Hydralisk  
  61  8:15  Hydralisk x9  
  71  8:32  Hatchery  
Tags
 
Add a new tag
Caveats
  • Supply blocks, unpowered buildings, or Contaminate may cause inaccurate times.
  • Supply counts are checked every 10 seconds.